 Dungeon Sprint DCSS version 0.17.1-1-g73c8601 (webtiles) character file.

262 Bane the Fighter (level 5, -10/51 HPs)
             Began as a Demonspawn Gladiator on Dec 19, 2015.
             Was a Follower of Cheibriados.
             Mangled by an ogre
             ... wielding a +0 giant club
              (22 damage)
             ... in the Dungeon (Sprint IX: "|||||||||||||||||||||||||||||").
             The game lasted 00:02:05 (213 turns).

Bane the Fighter (Demonspawn Gladiator)              Turns: 213, Time: 00:02:05

Health: -10/51     AC: 13    Str: 19    XL:     5   Next: 97%
Magic:  5/5        EV: 12    Int: 15    God:    Cheibriados [*.....]
Gold:   0          SH:  0    Dex: 24    Spells: 0 memorised, 4 levels left

rFire  . . .     SeeInvis .     o - +3 war axe (chop)
rCold  . . .     Clarity  .     q - +1 chain mail
rNeg   . . .     SustAt   .     (no shield)
rPois  .         Gourm    .     c - +0 helmet
rElec  .         Spirit   .     p - +0 cloak
rCorr  .         Warding  .     (no gloves)
rMut   .         NoTele   +     (no boots)
MR     .....                    (no amulet)
Stlth  ..........               r - +3 ring of dexterity
                                s - +3 ring of intelligence

@: lethally poisoned (-10 -> -16), very slow, not resistant to hostile
enchantments, extremely unstealthy
A: claws 1, thin skeletal structure 2, demonic guardian 1
a: Bend Time, Renounce Religion


You were in the Dungeon.
You worshipped Cheibriados.
Cheibriados was aware of your devotion.
You were not hungry.

You visited 1 branch

Inventory:

Hand Weapons
 a - a +0 war axe
 o - a +3 war axe of chopping (weapon)
Missiles
 d - 3 throwing nets (quivered)
Armour
 b - a +0 leather armour
 c - a +0 helmet (worn)
 p - a +0 cloak (worn)
 q - a +1 chain mail (worn)
Jewellery
 r - a +3 ring of dexterity (right claw)
 s - a +3 ring of intelligence (left claw)
Wands
 n - a wand of draining (7)
Scrolls
 k - 2 scrolls of blinking
 l - 3 scrolls of remove curse
 m - 2 scrolls of amnesia
Potions
 f - 5 potions of curing
 g - 3 potions of heal wounds
 h - a potion of haste
 i - 4 potions of magic
 j - a potion of invisibility
Comestibles
 e - a bread ration


   Skills:
 * Level 8.9 Fighting
 - Level 2.6 Axes
 - Level 1.7 Throwing
 + Level 5.5 Armour
 + Level 6.3 Dodging


You had 4 spell levels left.
You didn't know any spells.

Dungeon Overview and Level Annotations

Branches:
Dungeon (1/1)

Altars:
Cheibriados
Dithmenos
Elyvilon
Fedhas
Gozag
Kikubaaqudgha
Makhleb
Nemelex Xobeh
Okawaru
Qazlal
Ru
Sif Muna
Trog
Vehumet
Xom
Yredelemnul
Zin
The Shining One
Beogh
Jiyva
Lugonu


Innate Abilities, Weirdness & Mutations

You have sharp fingernails.
You have a moderately thin skeletal structure (Dex +4, Stealth+).
A weak demonic guardian rushes to your aid.


Message History

Cheibriados slows and strengthens your metabolism.
Cheibriados raises the support of your attributes as your movement slows.
Your quasit bites the jelly.
Your quasit is burned by acid!
Your quasit claws the jelly.
Your quasit is burned by acid!
Your quasit claws the jelly.
Your quasit is burned by acid!
You swap places.
You feel sick.
Your quasit bites the jelly.
Your quasit is burned by acid!
Your quasit claws the jelly.
The acid corrodes your quasit!
Your quasit is burned by acid!
Your quasit dies!
You slash the jelly!
You kill the jelly!
Cheibriados appreciates the change of pace.
Cheibriados raises the support of your attributes as your movement slows.
You feel sick.
You barely miss the ogre.
You feel sick. The ogre hits you with a giant club!!
You die... ▓▓▓▓▓▓▓▓▓▓▓▓▓▓▓▓▓▓▓▓▓▓▓▓▓ .....loO@55.)|..'________ ▓▓▓▓▓▓▓▓▓▓▓▓▓▓▓▓▓▓▓▓▓▓▓▓▓

You could see an orc warrior, an ogre, a giant gecko, a friendly iron imp and a friendly quasit.

Vanquished Creatures
  A water moccasin (D)
  An ogre (D)
  A jelly (D)
  A worker ant (D)
  An adder (D)
  A giant gecko (D)
  A hobgoblin (D)
  2 kobolds (D)
  A quokka (D)
  A bat (D)
  A rat (D)
12 creatures vanquished.

Vanquished Creatures (collateral kills)
  A bat zombie (D)
1 creature vanquished.

Vanquished Creatures (others)
  A spatial maelstrom (D)
1 creature vanquished.

Grand Total: 14 creatures vanquished

Notes
Turn   | Place    | Note
--------------------------------------------------------------
     0 | D        | Bane the Demonspawn Gladiator began the quest for the Orb.
     0 | D        | Reached XP level 1. HP: 16/16 MP: 1/1
     5 | D        | Banished a spatial maelstrom
    11 | D        | Reached skill level 3 in Dodging
    19 | D        | Reached skill level 1 in Armour
   116 | D        | Noticed an ogre
   116 | D        | Noticed a worker ant
   120 | D        | Gained mutation: You have sharp fingernails. [demonic ancestry]
   120 | D        | Reached XP level 2. HP: 25/25 MP: 2/2
   123 | D        | Killed a worker ant
   123 | D        | Reached skill level 5 in Fighting
   123 | D        | Gained mutation: A weak demonic guardian rushes to your aid. [demonic ancestry]
   123 | D        | Reached XP level 3. HP: 33/33 MP: 3/3
   132 | D        | Killed an ogre
   132 | D        | Reached skill level 7 in Fighting
   132 | D        | Reached skill level 5 in Dodging
   132 | D        | Gained mutation: You have a somewhat thin skeletal structure (Dex +2, Stealth). [demonic ancestry]
   132 | D        | Reached XP level 4. HP: 43/43 MP: 4/4
   139 | D        | Found a glowing silver altar of Zin.
   139 | D        | Found a glowing golden altar of the Shining One.
   139 | D        | Found an ancient bone altar of Kikubaaqudgha.
   139 | D        | Found a basalt altar of Yredelemnul.
   139 | D        | Found a shimmering altar of Xom.
   139 | D        | Found a radiant altar of Vehumet.
   140 | D        | Found an iron altar of Okawaru.
   141 | D        | Found a burning altar of Makhleb.
   142 | D        | Found a deep blue altar of Sif Muna.
   143 | D        | Found a bloodstained altar of Trog.
   144 | D        | Found a sparkling altar of Nemelex Xobeh.
   145 | D        | Found a white marble altar of Elyvilon.
   146 | D        | Found a roughly hewn altar of Beogh.
   147 | D        | Found a viscous altar of Jiyva.
   148 | D        | Found a corrupted altar of Lugonu.
   149 | D        | Found a blossoming altar of Fedhas.
   150 | D        | Found a snail-covered altar of Cheibriados.
   151 | D        | Found a shadowy altar of Dithmenos.
   152 | D        | Found a stormy altar of Qazlal.
   153 | D        | Found an opulent altar of Gozag.
   154 | D        | Found a sacrificial altar of Ru.
   158 | D        | Became a worshipper of Cheibriados the Contemplative
   200 | D        | Noticed an orc warrior
   200 | D        | Noticed an ogre
   200 | D        | Noticed a jelly
   200 | D        | Noticed a water moccasin
   208 | D        | Killed a water moccasin
   208 | D        | Reached skill level 8 in Fighting
   208 | D        | Reached skill level 5 in Armour
   208 | D        | Gained mutation: You have a moderately thin skeletal structure (Dex +4, Stealth+). [demonic ancestry]
   208 | D        | Reached XP level 5. HP: 18/51 MP: 5/5
   210 | D        | Reached * piety under Cheibriados
   212 | D        | Killed a jelly
   213 | D        | Mangled by an ogre

Action                   |  1- 3 |  4- 6 || total
-------------------------+-------+-------++-------
Melee: War axe           |    30 |    10 ||    40
  Use: Potion            |     1 |       ||     1
